 Dungeon Sprint DCSS version 0.29.1-2-gbd0b4ee654 (webtiles) character file.

Game seed: 8488393915293310046

45 Groucho the Ducker (level 3, -4/20 HPs)
             Began as a Spriggan Fighter on Nov 20, 2022.
             Slain by an iguana (14 damage)
             ... in the Dungeon (Sprint IX: "|||||||||||||||||||||||||||||").
             The game lasted 00:00:36 (201 turns).

Groucho the Ducker (Spriggan Fighter)                Turns: 201, Time: 00:00:37

Health: -4/20      AC:  2    Str: 14    XL:     3   Next: 42%
Magic:  4/4        EV: 18    Int:  9    God:
Gold:   0          SH:  6    Dex: 14    Spells: 2/2 levels left

rFire   . . .      SeeInvis +   a - +0 rapier
rCold   . . .      Faith    .   c - +0 buckler
rNeg    . . .      Spirit   .   b - +0 robe
rPois   .          Reflect  .   (helmet restricted)
rElec   .          Harm     .   (no cloak)
rCorr   .          Rampage  .   (gloves unavailable)
Will    .....      NoTele   +   (boots unavailable)
Stlth   +++.......              (no amulet)
HPRegen 0.06/turn               (no ring)
MPRegen 0.09/turn               (no ring)

@: on berserk cooldown, very quick
A: very small, no large weapons, unfitting armour, see invisible, speed 3
a: no special abilities


You were in the Dungeon.
You visited 1 branch

Inventory:

Hand Weapons
 a - a +0 rapier (weapon)
Armour
 b - a +0 robe (worn)
 c - a +0 buckler (worn)
Scrolls
 j - a scroll of blinking
Potions
 d - a potion of might
 g - a potion of haste
 h - 2 potions of magic


   Skills:
 + Level 3.5 Fighting
 + Level 3.9 Short Blades
 + Level 5.6 Dodging
 + Level 4.5 Stealth
 + Level 3.1 Shields


You had 2 spell levels left.
You didn't know any spells.
Your spell library was empty.

Dungeon Overview and Level Annotations

Branches:
Dungeon (1/1)

Altars:


Innate Abilities, Weirdness & Mutations

You are very small and have problems with some larger weapons.
You are too small for most types of armour.
You have supernaturally acute eyesight. (SInv)
You cover ground extremely quickly. (Speed+++)


Message History

* * * LOW HITPOINT WARNING * * *
You barely miss the iguana.
The iguana is lightly wounded.
The iguana closely misses you. You block the iguana's attack.
Unknown command.
You feel much better. The iguana closely misses you. The iguana bites you!
Ouch! That really hurt!
You closely miss the iguana.
The iguana is lightly wounded.
The iguana misses you.
Unknown command.
Unknown command.
You hit the iguana.
The iguana is moderately wounded.
You block the iguana's attack. The iguana closely misses you.
You hit the iguana but do no damage.
The iguana is moderately wounded.
The iguana misses you. The iguana closely misses you.
You hit the iguana.
The iguana is moderately wounded.
The iguana barely misses you.
Unknown command.
You barely miss the iguana.
The iguana is moderately wounded.
You feel yourself speed up. You block the iguana's attack.
The iguana closely misses you.
You closely miss the iguana.
The iguana is moderately wounded.
The iguana barely misses you.
You barely miss the iguana.
The iguana is moderately wounded.
The iguana closely misses you.
You hit the iguana but do no damage.
The iguana is moderately wounded.
You block the iguana's attack.
You hit the iguana but do no damage.
The iguana is moderately wounded.
You block the iguana's attack. The iguana bites you!
Ouch! That really hurt!
You die...

▓+▓
▓.▓
▓.▓
▓.▓
▓.▓
▓S▓
▓l▓
▓@▓
▓.▓
▓.▓
▓.▓
▓)▓
▓'▓
▓.▓
▓.▓
▓.▓


You could see a water moccasin and an iguana.

Vanquished Creatures
  A hound (D)
  2 ufetubi (D)
  A quokka (D)
  4 goblins (D)
8 creatures vanquished.

Notes
Turn   | Place    | Note
-------+----------+-------------------------------------------
     0 | D        | Groucho the Spriggan Fighter began the quest for the Orb.
     0 | D        | Reached XP level 1. HP: 11/11 MP: 2/2
    12 | D        | Reached skill level 1 in Stealth
   168 | D        | Noticed a water moccasin
   168 | D        | Noticed an iguana
   168 | D        | Noticed a hound
   182 | D        | Killed a hound
   183 | D        | Reached skill level 5 in Dodging
   183 | D        | Reached XP level 2. HP: 14/16 MP: 3/3
   183 | D        | Reached XP level 3. HP: 18/20 MP: 4/4
   190 | D        | HP: 1/20 [iguana (11)]
   201 | D        | Slain by an iguana

Illustrated notes

Levels and vault maps discovered:
D:        linesprint [early_d, line_temple, items_1, d_10, items_2, lair_1,
          lair_end, items_3, orc_1, orc_end, items_4, d_15, swamp_1, shoals_1,
          snake_1, spider_1, d_20, vaults_1, items_5, swamp_end, shoals_end,
          snake_end, spider_end, vaults_end, d_27, items_6, zot_1, zot_end,
          crypt_end, forest_end, elf_end, slime_end, tomb_end, abyss_end,
          pan_hell_end]

Skill      XL: |  1 |
---------------+----+-----
Stealth        | 4 |  4.5
Fighting       | 3 |  3.5
Short Blades   | 3 |  3.9
Dodging        | 5 |  5.6
Shields        | 3 |  3.1

Action                   || total
-------------------------++-------
Melee: Rapier            ||    51
  Use: Potion            ||     3
Dodge: Dodged            ||    42
Block: Buckler           ||    19
